 Dungeon Crawl Stone Soup version 0.27.1 (webtiles) character file.

Game seed: 4255345169587050795

562 ZARRMARR the Insei (level 7, 0/46 HPs)
             Began as an Octopode Transmuter on Sept 1, 2021.
             Slain by an orc wizard (5 damage)
             ... on level 5 of the Dungeon.
             The game lasted 00:20:56 (5944 turns).

ZARRMARR the Insei (Octopode Transmuter)            Turns: 5944, Time: 00:20:57

Health: 0/46       AC:  1    Str: 10    XL:     7   Next: 32%
Magic:  0/12       EV: 14    Int: 17    God:
Gold:   215        SH:  0    Dex: 12    Spells: 12/13 levels left

rFire    . . .     SeeInvis .     - Unarmed
rCold    . . .     Faith    .   (no shield)
rNeg     . . .     Spirit   +   (helmet restricted)
rPois    .         Reflect  .   j - amulet of guardian spirit
rElec    .         Harm     .   (no ring)
rCorr    .         Rampage  .   (no ring)
Will     .....                  (no ring)
Stlth    ++........             (no ring)
HPRegen  0.15/turn              (no ring)
MPRegen  0.13/turn              (no ring)
                                (no ring)
                                (no ring)

@: confused, mighty
A: almost no armour, amphibious, 8 rings, camouflage 1, gelatinous body 1,
(nimble swimmer 1), tentacles
a: no special abilities


You were on level 5 of the Dungeon.
You visited 1 branch of the dungeon, and saw 5 of its levels.

You collected 215 gold pieces.

Inventory:

Missiles
 a - 5 datura-tipped darts
 n - 4 boomerangs (quivered)
Jewellery
 j - an amulet of guardian spirit (around mantle)
Wands
 p - a wand of digging (6)
Scrolls
 d - 2 scrolls of vulnerability
 h - 2 scrolls of enchant weapon {unknown}
 k - a scroll of blinking {unknown}
 o - a scroll of torment {unknown}
Potions
 b - a potion of might
 e - a potion of cancellation {unknown}
 f - a potion of heal wounds {unknown}
 g - a potion of magic {unknown}
 i - a potion of attraction {unknown}
 l - a potion of degeneration {unknown}
 m - a potion of flight {unknown}
 q - a potion of lignification {unknown}


   Skills:
 * Level 3.2 Fighting
 * Level 3.5 Dodging
 + Level 3.3 Stealth
 + Level 5.2 Unarmed Combat
 + Level 3.6 Spellcasting
 - Level 2.0 Transmutations


You had 12 spell levels left.
You knew the following spells:

 Your Spells              Type           Power      Damage    Failure   Level
a - Beastly Appendage     Tmut           18%        N/A       7%          1

Your spell library contained the following spells:

 Spells                   Type           Power      Damage    Failure   Level
 Wereblood                Tmut           9%         N/A       11%         2
 Foxfire                  Conj/Fire      12%        2x1d4     16%         1
 Spider Form              Tmut/Pois      3%         N/A       32%         3
 Conjure Flame            Conj/Fire      3%         6-21      43%         3
 Inner Flame              Hex/Fire       3%         N/A       43%         3
 Ice Form                 Ice/Tmut       6%         N/A       71%         4


Dungeon Overview and Level Annotations

Branches:
Dungeon (5/15)
 Temple: D:4-7

Altars:
Hepliaklqana
Qazlal
Wu Jian
The Shining One

Shops:
D:2 (


Innate Abilities, Weirdness & Mutations

You cannot wear most types of armour.
You are amphibious.
You can wear up to eight rings at the same time.
Your skin changes colour to match your surroundings (Stealth+).
Your rubbery body absorbs attacks. (AC +1, EV +1)
((You are camouflaged near water. (Stealth+)))
You have tentacles for arms and can constrict up to eight enemies at once.


Message History

The orc priest mumbles some strange prayers to Beogh against you.
Beogh smites you!
* * * LOW HITPOINT WARNING * * *
It was a potion of might.
You feel very mighty all of a sudden.
It was a potion of curing.
You feel better.
You tentacle-slap the orc priest. You grab the orc priest.
You squeeze the orc priest.
The orc priest is almost dead.
You constrict the orc priest. Something hits you.
* * * LOW HITPOINT WARNING * * *
The orc priest hits you with a +0 short sword.
* * * LOW HITPOINT WARNING * * *
The orc hits you with a +0 hand axe.
You tentacle-slap the orc priest.
You kill the orc priest!
Something barely misses you. The orc hits you with a +0 hand axe!
* * * LOW HITPOINT WARNING * * *
You bludgeon the orc!
You kill the orc!
Something hits you.
* * * LOW HITPOINT WARNING * * *
You hear some strange, mumbled words.
Something tries to affect you, but you resist.
A puff of flame appears from out of thin air!
The puff of flame misses you.
You feel better. Something hits you.
* * * LOW HITPOINT WARNING * * *
You barely miss something.
You hear some strange, mumbled words.
A puff of flame appears from out of thin air!
The puff of flame hits you.
* * * LOW HITPOINT WARNING * * *
You bludgeon something! Your squeeze misses something.
You hear some strange, mumbled words.
You are confused.
Something barely misses you.
You completely miss something. Something hits you.
You die...

## .## .... #.### #...
.. ##..## .......
##..### ##..##...
#....#### ###...#..#
##......#####....#...#
##....)..............#
##.............@.....#
##......)......{.....##
#......########.....##
....#### ###..## ..<##
#### ...# ...####
..)...### ........###
######


There were no monsters in sight!

Vanquished Creatures
  A necrophage (D:2)
  A bullfrog (D:4)
  2 hounds
  A bullfrog skeleton (D:4)
  3 orc priests
  An orc wizard (D:3)
  Ijyb (D:5)
  A gnoll (D:5)
  7 adders
  2 ufetubi
  4 dart slugs
  16 orcs
  6 endoplasms
  5 giant cockroaches
  7 goblins
  7 hobgoblins
  6 jackals
  6 kobolds
  A quokka (D:1)
  7 ball pythons
  2 bats (D:2)
  A frilled lizard (D:1)
  5 rats
93 creatures vanquished.

Notes
Turn   | Place    | Note
-------+----------+-------------------------------------------
     0 | D:1      | ZARRMARR the Octopode Transmuter began the quest for the
                  | Orb.
     0 | D:1      | Reached XP level 1. HP: 13/13 MP: 3/3
   247 | D:1      | Reached XP level 2. HP: 18/18 MP: 3/5
   842 | D:1      | Reached XP level 3. HP: 23/23 MP: 4/6
  1554 | D:2      | Found Civi's Antique Weapon Shop.
  2141 | D:2      | Reached XP level 4. HP: 29/29 MP: 7/7
  2459 | D:2      | Noticed a necrophage
  2565 | D:3      | Reached skill level 4 in Unarmed Combat
  2854 | D:3      | Found a glowing golden altar of the Shining One.
  2854 | D:3      | Found a stormy altar of Qazlal.
  2854 | D:3      | Found an ornate altar of the Wu Jian Council.
  2968 | D:3      | Reached XP level 5. HP: 34/34 MP: 7/9
  2999 | D:3      | Reached skill level 1 in Stealth
  3151 | D:3      | Found a faded altar of an unknown god.
  3278 | D:3      | Found a hazy altar of Hepliaklqana.
  3298 | D:3      | You fall into a shaft and drop 1 floor!
  3571 | D:4      | Identified the +2 robe of Elyvilon's Vengeance {SInv}
  3776 | D:4      | Reached XP level 6. HP: 35/41 MP: 6/10
  4988 | D:2      | Killed a necrophage
  4989 | D:2      | Reached skill level 5 in Unarmed Combat
  4989 | D:2      | Reached XP level 7. HP: 46/46 MP: 12/12
  5369 | D:5      | Entered Level 5 of the Dungeon
  5624 | D:5      | Noticed Ijyb
  5637 | D:5      | Killed Ijyb
  5930 | D:5      | HP: 2/46 [something (2)]
  5944 | D:5      | Slain by an orc wizard

Illustrated notes

Levels and vault maps discovered:
D:1:      dpeg_arrival_connections, layout_basic
D:2:      layout_basic, serial_shops, shop, serial_curves, eino_curves_03,
          eino_curves_01, eino_curves_04, eino_curves_04
D:3:      layout_loops_ring, nicolae_hepliaklqana_hazy_memory,
          gammafunk_temple_overflow_claw, shapermc_ecumenical_altar_petra
D:4:      cheibrodos_old_hovel, layout_rooms
D:5:      layout_layer_cave, lemuel_temple_firewalk_b, uniq_ijyb, uniq_sigmund

Skill      XL: |  1  2  3  4  5  6 |
---------------+-------------------+-----
Fighting       | 2 3 |  3.2
Unarmed Combat | 4 5 |  5.2
Stealth        | 2 3 |  3.3
Spellcasting   | 3 |  3.6
Dodging        | 3 |  3.5
Transmutations | |  2.0

Action                   |  1- 3 |  4- 6 |  7- 9 || total
-------------------------+-------+-------+-------++-------
Melee: Unarmed           |    64 |   110 |    25 ||   199
       Kick              |    14 |    26 |     7 ||    47
       Constrict         |    16 |    29 |     6 ||    51
       Tentacles         |    11 |    24 |     3 ||    38
       Punch             |       |     3 |       ||     3
Throw: Boomerang         |       |       |     6 ||     6
 Cast: Beastly Appendage |    22 |    31 |     7 ||    60
  Use: Scroll            |     1 |     4 |       ||     5
       Potion            |       |       |     3 ||     3
 Stab: Sleeping          |     7 |    10 |       ||    17
Armor: Skin              |     4 |     2 |     1 ||     7
Dodge: Dodged            |    34 |    61 |    19 ||   114
